 Dungeon Sprint DCSS version 0.23.2 (webtiles) character file.

Game seed: 15288093397302074542

76 MartialLaw the Skirmisher (level 4, -9/44 HPs)
             Began as a Minotaur Fighter on Mar 31, 2019.
             Mangled by a water elemental (19 damage)
             ... in the Dungeon (Sprint III: "The Ten Rune Challenge").
             The game lasted 00:00:50 (252 turns).

MartialLaw the Skirmisher (Minotaur Fighter)         Turns: 252, Time: 00:00:52

Health: -9/44      AC:  7    Str: 21    XL:     4   Next: 12%
Magic:  3/3        EV:  8    Int:  5    God:
Gold:   24         SH: 10    Dex: 10    Spells: 3/3 levels left

rFire    . . .     SeeInvis .   a - +0 long sword
rCold    . . .     Gourm    .   c - +0 shield
rNeg     . . .     Faith    .   b - +0 scale mail
rPois    .         Spirit   .   (helmet restricted)
rElec    .         Reflect  .   (no cloak)
rCorr    .         Harm     .   (no gloves)
MR       .....     NoTele   +   (no boots)
Stlth    ..........             (no amulet)
HPRegen  0.14/turn              (no ring)
MPRegen  0.08/turn              (no ring)

@: engulfed (cannot breathe)
A: retaliatory headbutt, horns 2
a: no special abilities


You were in the Dungeon.
You were not hungry.

You visited 1 branch You collected 24 gold pieces.

Inventory:

Hand Weapons
 a - a +0 long sword (weapon)
Armour
 b - a +0 scale mail (worn)
 c - a +0 shield (worn)
Scrolls
 k - a scroll of blinking
 o - a scroll of immolation {unknown}
 p - 3 scrolls of identify {unknown}
 q - a scroll of remove curse {unknown}
 s - a scroll of holy word {unknown}
Potions
 d - a potion of might
 e - a potion of curing
 g - a potion of heal wounds
 h - a potion of haste
 i - 2 potions of magic
 j - a potion of berserk rage
 m - 2 potions of ambrosia {unknown}
 n - 6 potions of mutation
 r - 3 potions of flight
Comestibles
 f - 4 rations
 l - 9 chunks of flesh


   Skills:
 + Level 6.0 Fighting
 + Level 5.4 Long Blades
 + Level 6.0 Armour
 + Level 6.0 Shields


You had 3 spell levels left.
You didn't know any spells.
Your spell library was empty.

Dungeon Overview and Level Annotations

Branches:
Dungeon (1/1)

Altars:


Innate Abilities, Weirdness & Mutations

You reflexively headbutt those who attack you in melee.
You have a pair of horns on your head.


Message History

Moving in this stuff is going to be slow.
You open the door.
A water elemental comes into view.
The water elemental hits you!
The water elemental engulfs you in water!
There is an open door to the Ecumenical Temple, spattered with blood here.
Your shield and scale mail prevent you from hitting the water elemental.
Your lungs strain for air!
You block the water elemental's attack. x2
You hit the water elemental.
The water elemental is lightly damaged.
Your lungs strain for air!
You block the water elemental's attack.
You hit the water elemental.
Your headbutt misses the water elemental.
The water elemental is moderately damaged.
* * * LOW HITPOINT WARNING * * *
Your lungs strain for air!
The water elemental hits you!!
You die...

▓▓▓▓▓▓▓▓▓▓▓ ▓▓▓
.#..'.....♣ ♣.#
.#..#....♣♣♣ ♣♣.#
'####......♣ ..#
)÷..#....≈♣♣♣♣♣.###+#+##
....#...≈≈♣.♣.♣.#.......
....#).≈≈≈≈♣.♣..@E⌠.....
###'#..≈≈≈≈≈≈...#...####
....#.≈≈≈≈≈≈....#.⌠.#
....#.≈≈≈≈≈.....#...#
....#.≈≈≈.......#+###
#####...........#
..........÷.....#
▓▓▓▓▓▓▓▓▓▓▓▓▓▓▓▓▓


You could see a water elemental.

Vanquished Creatures
  Crazy Yiuf (D)
  Jessica (D)
  A human (D)
  An ooze (D)
  2 rats (D)
6 creatures vanquished.

Vanquished Creatures (others)
  2 draconian scorchers (D)
  4 hellions (D)
  A yaktaur (D)
  2 plants (D)
9 creatures vanquished.

Grand Total: 15 creatures vanquished

Notes
Turn   | Place    | Note
-------+----------+-------------------------------------------
     0 | D        | MartialLaw the Minotaur Fighter began the quest for the
                  | Orb.
     0 | D        | Reached XP level 1. HP: 19/19 MP: 0/0
    41 | D        | Killed a yaktaur
    72 | D        | Noticed Jessica
    85 | D        | Killed Jessica
    85 | D        | Reached skill level 5 in Fighting
    85 | D        | Reached skill level 5 in Armour
    85 | D        | Reached skill level 5 in Shields
    85 | D        | Reached XP level 2. HP: 21/29 MP: 1/1
    85 | D        | Reached XP level 3. HP: 27/36 MP: 2/2
    88 | D        | Killed a hellion
    89 | D        | Killed a hellion
   151 | D        | Killed a hellion
   151 | D        | Killed a hellion
   154 | D        | Noticed Crazy Yiuf
   160 | D        | Killed Crazy Yiuf
   160 | D        | Reached skill level 5 in Long Blades
   160 | D        | Reached XP level 4. HP: 36/44 MP: 3/3
   183 | D        | Killed a white draconian scorcher
   196 | D        | Killed a white draconian scorcher
   248 | D        | Noticed a water elemental
   252 | D        | Mangled by a water elemental

Skill      XL: |  1  2  3 |
---------------+----------+-----
Fighting       | 5 6 |  6.0
Long Blades    | 4 5 |  5.4
Armour         | 5 6 |  6.0
Shields        | 5 6 |  6.0

Action                   |  1- 3 |  4- 6 || total
-------------------------+-------+-------++-------
Melee: Long sword        |    20 |     3 ||    23
       Headbutt          |     6 |       ||     6
Armor: Scale mail        |     5 |       ||     5
Dodge: Dodged            |     3 |       ||     3
Block: Shield            |     9 |     3 ||    12
       Rpst.: Long sword |     1 |       ||     1
